 Dungeon Crawl Stone Soup version 0.28.0 (webtiles) character file.

Game seed: 13883156544515683868

78 Exporg the Shield-Bearer (level 4, -8/37 HPs)
             Began as a Formicid Fighter on Feb 18, 2022.
             Was an Initiate of Gozag.
             Killed by divine providence
             ... invoked by an orc priest
              (11 damage)
             ... on level 3 of the Dungeon.
             The game lasted 00:03:04 (1803 turns).

Exporg the Shield-Bearer (Formicid Fighter)         Turns: 1803, Time: 00:03:05

Health: -8/37      AC:  8    Str: 20    XL:     4   Next: 61%
Magic:  4/4        EV:  9    Int:  8    God:    Gozag
Gold:   49         SH:  5    Dex: 12    Spells: 3/3 levels left

rFire   . . .      SeeInvis +   n - +4 spear
rCold   . . .      Faith    .   c - +0 buckler
rNeg    . . .      Spirit   .   b - +0 scale mail
rPois   .          Reflect  .   (helmet unavailable)
rElec   .          Harm     .   o - +0 cloak
rCorr   .          Rampage  .   (no gloves)
Will    .....                   (no boots)
Stlth   ..........              (no amulet)
HPRegen 0.12/turn               (no ring)
MPRegen 0.09/turn               (no ring)

@: no status effects
A: permanent stasis, dig shafts and tunnels, antennae 3, four strong arms
a: Dig, Shaft Self, Renounce Religion, Potion Petition, Call Merchant, Bribe
Branch


You were on level 3 of the Dungeon.
You worshipped Gozag.
Gozag was noncommittal.
You visited 1 branch of the dungeon, and saw 3 of its levels.

You collected 78 gold pieces.
You paid 29 gold pieces to Gozag.

Inventory:

Hand Weapons
 a - a +0 trident
 n - a +4 spear (weapon)
Armour
 b - a +0 scale mail (worn)
 c - a +0 buckler (worn)
 i - a +0 chain mail
 o - a +0 cloak (worn)
Jewellery
 j - a ring of wizardry
Scrolls
 e - a scroll of vulnerability {unknown}
 g - a scroll of fear {unknown}
 h - 2 scrolls of identify {unknown}
 m - a scroll of noise {unknown}
Potions
 d - 2 potions of might
 f - a potion of cancellation {unknown}
 k - a potion of attraction {unknown}
 l - a potion of magic {unknown}


   Skills:
 + Level 4.0 Fighting
 + Level 2.7 Polearms
 + Level 3.8 Armour
 + Level 0.2 Dodging
 + Level 4.4 Shields


You had 3 spell levels left.
You didn't know any spells.
Your spell library contained the following spells:

 Spells                   Type           Power      Damage    Failure   Level
 Freeze                   Ice            0%         1d3       83%         1
 Call Canine Familiar     Summ           0%         N/A       99%         3
 Frozen Ramparts          Ice            0%         1d2       99%         3
 Portal Projectile        Hex/Tloc       0%         N/A       99%         3
 Hailstorm                Conj/Ice       0%         3d3       100%        4
 Leda's Liquefaction      Hex/Erth       0%         N/A       100%        4


Dungeon Overview and Level Annotations

Branches:
Dungeon (3/15)

Altars:
Gozag

Shops:
D:1 ((:(

Annotations:
D:2 Sigmund


Innate Abilities, Weirdness & Mutations

You cannot be hasted, slowed, berserked, paralysed or teleported.
You can dig through walls and to a lower floor.
You have a pair of large antennae on your head. (SInv)
Your four strong arms can wield two-handed weapons with a shield.


Message History

You block the orc priest's attack. The orc closely misses you.
You barely miss the orc priest.
The orc priest is moderately wounded.
The orc is no longer distracted by gold.
You block the orc's attack. The orc priest completely misses you.
The orc hits you but does no damage. The orc hits you with a +0 dagger.
You hit the orc priest but do no damage.
The orc priest is moderately wounded.
The orc priest calls upon Beogh to heal the orc.
The orc's wounds heal themselves!
The orc hits you but does no damage. You block the orc's attack.
You hit the orc priest but do no damage.
The orc priest is moderately wounded.
The orc priest looks encouraged for a moment.
The orc barely misses you. The orc closely misses you.
You hit the orc priest.
The orc priest is moderately wounded.
The orc priest closely misses you. The orc hits you with a +0 hand axe.
* * * LOW HITPOINT WARNING * * *
The orc hits you but does no damage.
You hit the orc priest but do no damage.
The orc priest is moderately wounded.
The orc priest hits you but does no damage.
The orc closely misses you. You block the orc's attack.
You barely miss the orc priest.
The orc priest is moderately wounded.
The orc priest mumbles some strange prayers to Beogh against you.
Pain shoots through your body!
* * * LOW HITPOINT WARNING * * *
The orc hits you but does no damage. The orc hits you with a +0 dagger.
* * * LOW HITPOINT WARNING * * *
You hit the orc priest.
The orc priest is severely wounded.
You block the orc priest's attack. The orc closely misses you. x2
You hit the orc priest.
The orc priest is almost dead.
The orc priest calls down the wrath of Beogh upon you.
Beogh smites you!
You die...
Your body crumbles into a pile of gold.

#.........########
#......
#................#
#......
#................#
#......
#.............[..#
#......
#..).............#
#......
#..............#
#......
#..............#
#......
#......oo......#
#......
......o@..#####
#......
..........#
#......
..........#
#......
..........#
#......
..........#
#######
..........#
###.####### #.


You could see an orc priest and 2 orcs.

Vanquished Creatures
  3 gnolls (D:3)
  An adder (D:3)
  A dart slug (D:3)
  5 ball pythons
  2 bats
  An endoplasm (D:3)
  3 giant cockroaches
  2 goblins
  3 hobgoblins
  2 jackals (D:3)
  2 quokkas
  6 frilled lizards
  3 kobolds
  5 rats
39 creatures vanquished.

Notes
Turn   | Place    | Note
-------+----------+-------------------------------------------
     0 | D:1      | Exporg the Formicid Fighter began the quest for the Orb.
     0 | D:1      | Reached XP level 1. HP: 18/18 MP: 1/1
    45 | D:1      | Found Uheaju's Weapon Emporium.
   128 | D:1      | Reached XP level 2. HP: 23/24 MP: 2/2
   243 | D:1      | Found a faded altar of an unknown god.
   462 | D:1      | Found Pyxi Fou's Antique Weapon Emporium.
   529 | D:1      | Found Raghats's Antique Weapon Emporium.
   610 | D:1      | Found Pisineo's Book Shop.
   672 | D:1      | Reached XP level 3. HP: 29/29 MP: 3/3
   935 | D:2      | Noticed Sigmund
  1190 | D:3      | Reached XP level 4. HP: 35/37 MP: 4/4
  1750 | D:3      | Found an opulent altar of Gozag.
  1771 | D:3      | Became a worshipper of Gozag Ym Sagoz the Greedy
  1803 | D:3      | Killed from afar by an orc priest

Illustrated notes

Levels and vault maps discovered:
D:1:      dpeg_arrival_prison, layout_loops_ring, serial_shops,
          nicolae_shop_advertising_works [nicolae_subvault_shop_adworks],
          nicolae_shop_bloodbath_and_beyond, shop, nicolae_lakefront_shop,
          shapermc_ecumenical_altar_flowoftime, minmay_misc_feat_iff
D:2:      layout_rooms, uniq_sigmund
D:3:      layout_basic, grunt_gozag_statues, minmay_puff

Skill      XL: |  1  2  3  4 |
---------------+-------------+-----
Shields        | 4 |  4.4
Fighting       | 4 |  4.0
Polearms       | |  2.7
Armour         | |  3.8
Dodging        | |  0.2

Action                   |  1- 3 |  4- 6 || total
-------------------------+-------+-------++-------
Melee: Trident           |    85 |    13 ||    98
       Spear             |       |    35 ||    35
Armor: Scale mail        |    33 |    26 ||    59
Dodge: Dodged            |    43 |    30 ||    73
Block: Buckler           |    12 |    21 ||    33
